 Dungeon Crawl Stone Soup version 0.26-b1-57-gb162d0664a (webtiles) character file.

Game seed: 1763630482112014001

13307 Mattiprrivan the Basher (level 12, -5/68 HPs)
             Began as a Gargoyle Artificer on Jan 7, 2021.
             Was an Elder of Trog.
             Slain by an eight-headed hydra (8 damage)
             ... on level 1 of the Lair of Beasts on Jan 8, 2021.
             The game lasted 02:43:50 (12324 turns).

Mattiprrivan the Basher (Gargoyle Artificer)       Turns: 12324, Time: 02:43:52

Health: -5/68      AC: 17    Str: 18    XL:     12   Next: 4%
Magic:  12/12      EV: 11    Int: 13    God:    Trog [****..]
Gold:   721        SH: 12    Dex: 14    Spells: 11/11 levels left

rFire    x x .     SeeInvis .   d - +0 morningstar (vamp)
rCold    + + .     Faith    .   g - +2 kite shield
rNeg     + . .     Spirit   .   b - +0 ring mail
rPois    ∞         Reflect  .   l - +0 helmet
rElec    +         Harm     .   (no cloak)
rCorr    .         Rampage  .   m - +0 pair of gloves
Will     .....                  (no boots)
Stlth    +++.......             (no amulet)
HPRegen  0.61/turn              p - ring "Qotzeibo" {Ice Dex+4}
MPRegen  0.13/turn              q - ring "Winamest" {Ice Slay+3 Stlth+}

@: about to teleport
A: hooves 1, clumsy 1, negative energy resistance 1, sense surroundings 1,
regeneration 1, electricity resistance, unbreathing, evolution 2, petrification
resistance, miasma immunity, AC +8
a: Renounce Religion, Berserk, Trog's Hand, Brothers in Arms


You were on level 1 of the Lair of Beasts.
You worshipped Trog.
Trog was greatly pleased with you.
You visited 2 branches of the dungeon, and saw 11 of its levels.

You collected 721 gold pieces.

Inventory:

Hand Weapons
 d - a +0 vampiric morningstar (weapon)
 h - a +3 spear
 i - a +2 mace
 j - a +3 quarterstaff
 o - a +2 whip of freezing
Missiles
 a - 7 boomerangs
 s - 3 boomerangs of dispersal
 t - 10 poisoned darts (quivered)
Armour
 b - a +0 ring mail (worn)
 g - a +2 kite shield (worn)
 l - a +0 helmet (worn)
 m - a +0 pair of gloves (worn)
Jewellery
 p - the ring "Qotzeibo" (left hand) {Ice Dex+4}
   (You found it on level 8 of the Dungeon)

   [ring of ice]

   It enhances your ice magic.
   It affects your dexterity (+4).
   It makes you vulnerable to fire.
   It protects you from cold.
 q - the ring "Winamest" (right hand) {Ice Slay+3 Stlth+}
   (You took it off a big kobold on level 8 of the Dungeon)

   [ring of ice]

   It enhances your ice magic.
   It affects your accuracy and damage with ranged weapons and melee attacks
   (+3).
   It makes you vulnerable to fire.
   It protects you from cold.
   It makes you more stealthy.
Wands
 f - a wand of enslavement (1)
 u - a wand of paralysis (7)
Scrolls
 e - a scroll of fear
 k - 2 scrolls of remove curse
Potions
 c - 2 potions of flight
 n - 2 potions of haste
Miscellaneous
 v - a lightning rod (inert)


   Skills:
 * Level 5.4 Fighting
 * Level 4.5(7.4) Axes
 * Level 8.6(9.7) Maces & Flails
 * Level 4.2(6.0) Polearms
 * Level 5.0(8.1) Staves
 * Level 4.8 Throwing
 * Level 6.0 Armour
 * Level 4.2 Dodging
 * Level 6.5 Stealth
 * Level 5.8 Shields
 * Level 3.7 Unarmed Combat
 * Level 5.7 Evocations


You had 11 spell levels left.
You didn't know any spells.
Your spell library was empty.

Dungeon Overview and Level Annotations

Branches:
Dungeon (10/15)            Temple (0/1) D:5            Lair (1/6) D:10
    Orc: D:9-12

Altars:
Cheibriados
Dithmenos
Fedhas
Gozag
Hepliaklqana
Qazlal
Ru
Trog
Uskayaw
Vehumet
Xom
The Shining One

Shops:
D:6 *


Innate Abilities, Weirdness & Mutations

You are resistant to torment.
Your stone body is resilient. (AC +8)
You are immune to poison.
You resist negative energy. (rN+)
You are resistant to electric shocks. (rElec)
You can survive without breathing.
You are immune to petrification.
You are immune to miasma.
You have large cloven feet.
You are clumsy. (Dex -2)
You passively map a small area around you.
Your natural rate of healing is unusually fast.
You rapidly evolve.


Message History

The eight-headed hydra bites you.
* * * LOW HITPOINT WARNING * * *
You block the eight-headed hydra's attack.
You fail to use your ability.
The eight-headed hydra bites you!
* * * LOW HITPOINT WARNING * * *
You block the eight-headed hydra's attack. x2
The eight-headed hydra bites you but does no damage.
You block the eight-headed hydra's attack.
The eight-headed hydra bites you but does no damage. x2
The eight-headed hydra bites you.
* * * LOW HITPOINT WARNING * * *
The wolf pauses to sniff the ground.
As you read the scroll of teleportation, it crumbles to dust.
You feel strangely unstable.
You block the eight-headed hydra's attack. x2
The eight-headed hydra closely misses you. x2
You block the eight-headed hydra's attack.
The eight-headed hydra barely misses you.
The eight-headed hydra bites you!
You die...

#...,*##..........#........
* , #..........#[........
#/...........#.#..... * *
#............###..... , *
#...^........## ..⌠. ,
##......>.....# ,..+
#P...........## , .#. , ,
,.......D......#
#..?...@...#....
###.P#....###.... *
####.h.## #..# * , h.$## *
... * , ** ...#. * , *#h..
. , * ..#. . *, P..#( .. ,
* ,, * , , * *


You could see an eight-headed hydra and 3 wolves.

Vanquished Creatures
  A hydra (D:8)
  5 two-headed ogres
  An unseen horror (D:10)
  2 cyclopes (D:10)
  Joseph (D:9)
  2 wraiths (D:10)
  A wyvern (D:9)
  2 yaks
  A water moccasin (D:9)
  4 sky beasts
  6 orc warriors
  2 ice beasts
  2 black bears
  An eye of draining (D:9)
  7 ogres
  3 phantoms
  5 centaurs
  2 big kobolds
  6 bullfrogs
  A gnoll sergeant (D:6)
  4 scorpions
  A water moccasin skeleton (D:8)
  7 killer bees
  4 wights (D:9)
  5 howler monkeys
  2 quasits
  2 centaur zombies
  3 jellies
  5 hounds
  9 orc wizards
  4 orc priests
  2 bullfrog skeletons
  5 centaur skeletons
  Jessica (D:2)
  4 iguanas
  13 worker ants
  2 hound skeletons (D:9)
  A howler monkey zombie (D:5)
  Robin (D:3)
  8 gnolls
  10 adders
  A howler monkey skeleton (D:6)
  2 shadow imps
  5 white imps
  An ufetubus (D:5)
  4 oozes
  2 adder skeletons (D:8)
  4 dart slugs
  6 worms
  5 leopard geckos
  45 orcs
  2 ball pythons
  7 giant cockroaches
  14 hobgoblins
  5 jackals
  7 quokkas
  8 bats
  4 frilled lizards
  10 goblins
  9 kobolds
  2 leopard gecko skeletons (D:4)
  3 rats
294 creatures vanquished.

Vanquished Creatures (collateral kills)
  A freezing wraith (D:9)
  A troll (D:10)
  5 yaks (Lair:1)
  A phantom (D:9)
  A centaur skeleton (D:9)
  An iguana (D:4)
  2 orc wizards (D:5)
  A gnoll (D:3)
  A shadow imp (D:5)
  An ufetubus (D:9)
  An orc (D:5)
  A quokka (D:5)
  2 rats (D:3)
19 creatures vanquished.

Vanquished Creatures (others)
  A two-headed ogre (D:9)
  A yak (D:9)
  A howler monkey zombie (D:5)
  4 orcs
  8 plants
15 creatures vanquished.

Grand Total: 328 creatures vanquished

Notes
Turn   | Place    | Note
-------+----------+-------------------------------------------
     0 | D:1      | Mattiprrivan the Gargoyle Artificer began the quest for the
                  | Orb.
     0 | D:1      | Reached XP level 1. HP: 12/12 MP: 1/1
   178 | D:1      | Reached XP level 2. HP: 15/16 MP: 2/2
   775 | D:2      | Reached skill level 1 in Dodging
   776 | D:2      | Reached skill level 1 in Maces & Flails
   776 | D:2      | Reached XP level 3. HP: 20/20 MP: 3/3
   809 | D:2      | Reached XP level 4. HP: 25/25 MP: 4/4
  1086 | D:2      | Found a glowing golden altar of the Shining One.
  1093 | D:2      | Noticed Jessica
  1100 | D:2      | Killed Jessica
  1202 | D:2      | Reached skill level 1 in Staves
  1202 | D:2      | Reached XP level 5. HP: 14/30 MP: 5/5
  1213 | D:2      | Reached skill level 1 in Axes
  1384 | D:2      | Reached skill level 2 in Maces & Flails
  1412 | D:2      | Reached skill level 1 in Shields
  1732 | D:3      | Found a bloodstained altar of Trog.
  1780 | D:3      | Became a worshipper of Trog the Wrathful
  1831 | D:3      | Noticed Robin
  1836 | D:3      | Killed Robin
  1838 | D:3      | Reached XP level 6. HP: 31/35 MP: 6/6
  2421 | D:3      | Found a hazy altar of Hepliaklqana.
  2426 | D:3      | Reached * piety under Trog
  2614 | D:3      | Noticed a moth of wrath
  2617 | D:3      | Found a bloodstained altar of Trog.
  2956 | D:3      | Found a radiant altar of Vehumet.
  3286 | D:4      | Reached skill level 1 in Throwing
  3415 | D:4      | Reached XP level 7. HP: 40/40 MP: 7/7
  3606 | D:4      | Reached skill level 3 in Maces & Flails
  4390 | D:4      | Reached ** piety under Trog
  4464 | D:5      | Entered Level 5 of the Dungeon
  4474 | D:5      | Reached XP level 8. HP: 41/45 MP: 8/8
  4527 | D:5      | Reached skill level 1 in Polearms
  4578 | D:5      | Found a blossoming altar of Fedhas.
  4931 | D:5      | Found a staircase to the Ecumenical Temple.
  4999 | D:5      | Reached skill level 4 in Maces & Flails
  5341 | D:5      | Found a stormy altar of Qazlal.
  5342 | D:5      | Found a snail-covered altar of Cheibriados.
  5660 | D:6      | Upgraded the game from 0.26-b1-52-g61e05abef2 to
                  | 0.26-b1-57-gb162d0664a
  5794 | D:6      | Reached XP level 9. HP: 34/50 MP: 9/9
  5979 | D:6      | Found a shimmering altar of Xom.
  6092 | D:6      | Reached skill level 5 in Maces & Flails
  6217 | D:6      | Reached *** piety under Trog
  6280 | D:6      | You fall into a shaft and drop 1 floor!
  6394 | D:6      | Found Jurocs's Assorted Antiques.
  6630 | D:7      | Found a shadowy altar of Dithmenos.
  6779 | D:7      | Gained mutation: You evolve. [potion of mutation]
  6779 | D:7      | Gained mutation: You have large cloven feet. [potion of
                  | mutation]
  6779 | D:7      | Gained mutation: You are clumsy. (Dex -2) [potion of
                  | mutation]
  6779 | D:7      | Gained mutation: You rapidly evolve. [potion of mutation]
  7105 | D:7      | Gained mutation: You passively map a small area around you.
                  | [evolution]
  7125 | D:7      | Found an opulent altar of Gozag.
  7804 | D:8      | Noticed a hornet
  8258 | D:8      | Reached skill level 1 in Unarmed Combat
  8343 | D:8      | Identified the ring of Nihe {rC- rN++ AC+4}
  8425 | D:8      | Reached skill level 6 in Maces & Flails
  8425 | D:8      | Reached XP level 10. HP: 23/56 MP: 10/10
  8511 | D:8      | Lost mutation: You are clumsy. (Dex -2) [evolution]
  8718 | D:8      | Found a sacrificial altar of Ru.
  8784 | D:8      | Found a hide-covered altar of Uskayaw.
  8784 | D:8      | Noticed a two-headed ogre
  8790 | D:8      | Noticed an eight-headed hydra
  8794 | D:8      | Killed a two-headed ogre
  8808 | D:8      | Killed an eight-headed hydra
  8809 | D:8      | Reached skill level 5 in Armour
  8809 | D:8      | Reached skill level 5 in Stealth
  9128 | D:8      | Reached **** piety under Trog
  9129 | D:8      | Reached skill level 5 in Evocations
  9346 | D:8      | Gained mutation: You are clumsy. (Dex -2) [evolution]
  9435 | D:8      | Identified the ring "Winamest" {Ice Slay+3 Stlth+}
  9532 | D:8      | Found a shadowy altar of Dithmenos.
  9577 | D:8      | Noticed a +0 hand axe
  9577 | D:8      | Noticed a +0 dagger
  9661 | D:8      | Got an ancient ivory amulet
  9662 | D:8      | Identified the amulet of Siaqorph {Inacc rN+ Will- Str+4}
                  | (You found it on level 8 of the Dungeon)
  9672 | D:8      | Got a shimmering lead ring
  9674 | D:8      | Identified the ring "Qotzeibo" {Ice Dex+4} (You found it on
                  | level 8 of the Dungeon)
  9926 | D:9      | Reached skill level 7 in Maces & Flails
  9933 | D:9      | Noticed a two-headed ogre
  9946 | D:9      | Noticed a two-headed ogre
  9951 | D:9      | Killed a two-headed ogre
  9952 | D:9      | Reached skill level 5 in Shields
  9952 | D:9      | Reached XP level 11. HP: 55/62 MP: 11/11
  9955 | D:9      | Killed a two-headed ogre
  9970 | D:9      | Noticed Joseph
 10009 | D:9      | Killed Joseph
 10404 | D:9      | Noticed a two-headed ogre
 11172 | D:10     | Entered Level 10 of the Dungeon
 11195 | D:10     | Noticed a two-headed ogre
 11214 | D:10     | Killed a two-headed ogre
 11215 | D:10     | Reached skill level 5 in Fighting
 11259 | D:10     | Found a staircase to the Lair.
 11405 | D:10     | Noticed a two-headed ogre
 11423 | D:10     | Killed a two-headed ogre
 11424 | D:10     | Reached skill level 8 in Maces & Flails
 11542 | D:10     | Killed an unseen horror
 11813 | D:10     | Noticed a cyclops
 11823 | D:10     | Killed a cyclops
 11902 | D:10     | Gained mutation: Your natural rate of healing is unusually
                  | fast. [evolution]
 12130 | D:10     | Noticed a cyclops
 12140 | D:10     | Killed a cyclops
 12268 | Lair:1   | Entered Level 1 of the Lair of Beasts
 12292 | Lair:1   | Reached XP level 12. HP: 68/68 MP: 12/12
 12296 | Lair:1   | Noticed an eight-headed hydra
 12298 | Lair:1   | Reached skill level 5 in Staves
 12323 | Lair:1   | HP: 2/68 [eight-headed hydra (4)]
 12324 | Lair:1   | Slain by an eight-headed hydra

Illustrated notes

Levels and vault maps discovered:
D:1:      wander_arrival_desolate, layout_loops_cross
D:2:      cheibrodos_pilgrimage, layout_loops_ring, tso_oasis_becter,
          minmay_misc_feat_five, kennysheep_generic_room_10, uniq_jessica
D:3:      layout_rooms, vehumet_crystals, tgw_trog, old_standard_altar,
          trog_hazing_becter, uniq_robin
D:4:      minmay_chambers_of_twos, layout_gridville
D:5:      layout_cave_pools, fedhas_altar_fruit_tree,
          gammafunk_temple_overflow_statue, temple_pool_b,
          kennysheep_minor_cross, kennysheep_generic_room_12
D:6:      layout_cave_pools, lemuel_crystal_altar, serial_shops,
          nicolae_shop_behind_doors
D:7:      layout_basic, grunt_gozag_statues, kennysheep_mini_moat
D:8:      minmay_the_grid_triangle_9x9_recursive_2
          [minmay_the_grid_triangle_9x9_prize_special,
          minmay_the_grid_triangle_9x9_impossible_snake,
          minmay_the_grid_triangle_9x9_alien,
          minmay_the_grid_triangle_9x9_windchime], layout_gridville,
          dancing_weapons_uskayaw, lemuel_crystal_altar, grunt_dithmenos_shadows
D:9:      minmay_imperfect_grid, layout_loops_cross, nicolae_two_hexagons,
          uniq_joseph
D:10:     layout_long_grid, dpeg_oklobed_lair
Lair:1:   beast_lair_carwin_large_2, layout_concentric_octagons,
          grunt_megastairs_5

Skill      XL: |  1  2  3  4  5  6  7  8  9 10 11 12 |
---------------+-------------------------------------+-----
Evocations     | 3 4 5 |  5.7
Dodging        | 1 2 3 4 |  4.2
Maces & Flails | 1 2 3 4 6 7 8 |  8.6
Staves         | 1 2 3 4 5 |  5.0
Axes           | 1 2 3 4 |  4.5
Stealth        | 2 3 4 5 6 |  6.5
Shields        | 1 2 3 4 5 |  5.8
Fighting       | 2 3 4 5 |  5.4
Armour         | 3 4 5 6 |  6.0
Throwing       | 1 2 3 4 |  4.8
Polearms       | 1 2 3 4 |  4.2
Unarmed Combat | 1 2 3 |  3.7

Action                   |  1- 3 |  4- 6 |  7- 9 | 10-12 || total
-------------------------+-------+-------+-------+-------++-------
Melee: Club              |    13 |       |       |       ||    13
       Mace              |    24 |   215 |   180 |       ||   419
       Morningstar       |       |       |   314 |   379 ||   693
       Kick              |       |       |    35 |   118 ||   153
Throw: Dart              |       |    41 |    65 |    63 ||   169
       Throwing net      |       |     2 |     2 |       ||     4
       Boomerang         |       |       |    12 |    14 ||    26
Invok: Berserk           |       |       |     7 |     1 ||     8
       Trog's Hand       |       |       |     1 |       ||     1
       Brothers in Arms  |       |       |       |     2 ||     2
Evoke: Wand              |    15 |    23 |    12 |    22 ||    72
       Lightning rod     |       |       |       |     4 ||     4
  Use: Scroll            |     5 |    10 |    10 |     6 ||    31
       Potion            |     4 |     5 |     3 |     4 ||    16
 Stab: Paralysed         |       |    10 |     5 |     9 ||    24
       Held in net/web   |       |     2 |     1 |       ||     3
       Sleeping          |       |     1 |     1 |    11 ||    13
       Confused          |       |       |     1 |       ||     1
       Distracted        |       |       |       |     1 ||     1
Armor: Leather armour    |    11 |    66 |     8 |       ||    85
       Ring mail         |       |       |   302 |   134 ||   436
Dodge: Dodged            |    24 |    69 |   250 |   130 ||   473
Block: Kite shield       |     1 |    99 |   366 |   224 ||   690
